 Dungeon Crawl Stone Soup version 0.30-a0-639-g3916f1956a (webtiles) character file.

Game seed: 9544856268081137380

7691 Mitcholas the Skirmisher (level 11, -4/64 HPs)
             Began as a Deep Elf Hunter on Jan 15, 2023.
             Was a High Priest of Okawaru.
             Slain by an orc warlord
             ... wielding a +4 broad axe
              (16 damage)
             ... in a bailey.
             The game lasted 00:28:08 (6850 turns).

Mitcholas the Skirmisher (Deep Elf Hunter)          Turns: 6850, Time: 00:28:08

Health: -4/64      AC:  9    Str:  8    XL:     11   Next: 0%
Magic:  0/17       EV: 23    Int: 15    God:    Okawaru [*****.]
Gold:   573        SH:  0    Dex: 22    Spells: 10/10 levels left

rFire   . . .      SeeInvis .    a - +0 shortbow
rCold   . . .      Faith    .    (shield currently unavailable)
rNeg    . . .      Spirit   +    C - +0 troll leather armour {Pargi}
rPois   .          Reflect  .    u - +0 helmet
rElec   .          Harm     .    (no cloak)
rCorr   .          Rampage  .    (no gloves)
Will    +....                    (no boots)
Stlth   +++                      t - amulet of guardian spirit
HPRegen 1.10/turn                f - +4 ring of protection
MPRegen 0.15/turn                r - +5 ring of evasion

@: no status effects
A: no striking features
a: Renounce Religion, Heroism, Finesse, Duel


You were in a bailey.
You worshipped Okawaru.
Okawaru was extremely pleased with you.
You visited 2 branches of the dungeon, and saw 9 of its levels.
You also visited: Sewer and Bailey.

You collected 573 gold pieces.

Inventory:

Hand Weapons
 a - a +0 shortbow (weapon)
Missiles
 H - a throwing net
Armour
 u - a +0 helmet (worn)
 C - a +0 troll leather armour (worn) {Pargi}
Jewellery
 f - a +4 ring of protection (left hand)
 i - a ring of protection from fire
 q - a +6 ring of intelligence
 r - a +5 ring of evasion (right hand)
 t - an amulet of guardian spirit (around neck)
 N - a ring of ice
Wands
 K - a wand of flame (11)
Scrolls
 b - 2 scrolls of immolation
 d - 4 scrolls of amnesia
 l - 3 scrolls of vulnerability
 m - 5 scrolls of teleportation
 p - 2 scrolls of summoning
 s - 3 scrolls of enchant weapon
 v - 2 scrolls of silence {unknown}
 w - 2 scrolls of fog {unknown}
 y - 3 scrolls of magic mapping {unknown}
 A - 4 scrolls of blinking
 B - a scroll of fear
 G - 3 scrolls of poison {unknown}
 I - 2 scrolls of brand weapon {unknown}
 J - a scroll of torment {unknown}
 L - a scroll of enchant armour {unknown}
 O - a scroll of acquirement {unknown}
Potions
 e - 5 potions of curing
 g - a potion of ambrosia {unknown}
 h - 2 potions of flight {unknown}
 j - 3 potions of brilliance
 k - 2 potions of berserk rage {unknown}
 n - 8 potions of degeneration
 o - 2 potions of might {unknown}
 x - 2 potions of invisibility {unknown}
 z - a potion of heal wounds
 D - 2 potions of attraction {unknown}
 F - a potion of cancellation {unknown}


   Skills:
 + Level 6.3 Fighting
 * Level 14.3 Ranged Weapons
 + Level 9.0 Dodging
 - Level 4.0 Stealth
 + Level 6.3 Invocations
 - Level 6.0 Evocations


You had 10 spell levels left.
You didn't know any spells.
Your spell library contained the following spells:

 Spells                   Type           Power      Damage    Failure   Level
 Ozocubu's Armour         Ice            0%         N/A       75%         3
 Ozocubu's Refrigeration  Ice            0%         4d7       100%        7


Dungeon Overview and Level Annotations

Branches:
Dungeon (8/15)             Temple (1/1) D:4           Sewer (visited)
 Bailey (1/1)
   Lair: D:8-11

Altars:
Ashenzari
Cheibriados
Dithmenos
Elyvilon
Gozag
Hepliaklqana
Kikubaaqudgha
Makhleb
Nemelex Xobeh
Okawaru
Qazlal
Sif Muna
Trog
Uskayaw
Wu Jian
Xom
Yredelemnul
The Shining One


Message History

Press: ? - help, Q - select action, (/) - cycle Shift-Dir - straight line, f/p - orc warlord
Aim: an orc warlord, wielding a +4 broad axe and wearing a +0 chain mail (severely wounded, 77% to hit)
You shoot an arrow.
The arrow hits the orc warlord but does no damage.
The orc warlord is severely wounded.
The orc warlord hits you with a +4 broad axe!
* * * LOW HITPOINT WARNING * * *
Fire: a) +0 shortbow
Press: ? - help, Q - select action, (/) - cycle Shift-Dir - straight line, f/p - orc warlord
Aim: an orc warlord, wielding a +4 broad axe and wearing a +0 chain mail (severely wounded, 77% to hit)
You shoot an arrow. The arrow hits the orc warlord.
The orc warlord is severely wounded.
Fire: a) +0 shortbow
Press: ? - help, Q - select action, (/) - cycle Shift-Dir - straight line, f/p - orc warlord
Aim: an orc warlord, wielding a +4 broad axe and wearing a +0 chain mail (severely wounded, 77% to hit)
You shoot an arrow. The arrow hits the orc warlord.
The orc warlord is severely wounded.
The orc warlord hits you with a +4 broad axe!
* * * LOW HITPOINT WARNING * * *
Fire: a) +0 shortbow
Press: ? - help, Q - select action, (/) - cycle Shift-Dir - straight line, f/p - orc warlord
Aim: an orc warlord, wielding a +4 broad axe and wearing a +0 chain mail (severely wounded, 77% to hit)
You shoot an arrow.
The arrow hits the orc warlord but does no damage.
The orc warlord is severely wounded.
Your hands slow down.
Fire: a) +0 shortbow
Press: ? - help, Q - select action, (/) - cycle Shift-Dir - straight line, f/p - orc warlord
Aim: an orc warlord, wielding a +4 broad axe and wearing a +0 chain mail (severely wounded, 77% to hit)
You shoot an arrow. The arrow hits the orc warlord!
The orc warlord is almost dead.
You feel yourself slow down. The orc warlord closely misses you.
Fire: a) +0 shortbow
Press: ? - help, Q - select action, (/) - cycle Shift-Dir - straight line, f/p - orc warlord
Aim: an orc warlord, wielding a +4 broad axe and wearing a +0 chain mail (almost dead, 77% to hit)
You shoot an arrow. The arrow hits the orc warlord.
The orc warlord is almost dead.
The orc warlord hits you with a +4 broad axe!
You die...

#...........#.........
#...........#.......).
###.........###.......)
###.#'#.....###.###.....#
###.....###.###...
###.### ##.........###
.... ###..
#..........8##..... #...
#..........8#...... #...
#∩....⌠....@o..)... #...
#..........8#...... #...
#.........)8##..... #...
##.....))..###..... ###..
###.....###.###...
###.###
###.#+#.....###.###.....#
###.........###.......)
#...........#....)..).
#...........#.........


You could see an orc warlord.

Vanquished Creatures
  2 orc knights (Bailey)
  2 cyclopes (D:6)
  A gargoyle (D:6)
  A hornet (D:6)
  9 yaks (D:8)
  A wraith (D:7)
  A steam dragon (D:7)
  A redback (Bailey)
  Menkaure (D:7)
  An acid dragon (D:7)
  3 water moccasins
  8 orc warriors
  2 sky beasts (D:6)
  Pargi (Sewer)
  2 ice beasts
  An ogre (D:4)
  A centaur (D:8)
  2 phantoms
  2 bullfrogs
  Blork the orc (D:5)
  A gnoll sergeant (D:5)
  5 scorpions
  6 wights
  2 howler monkeys (D:5)
  6 hounds
  2 orc priests
  An iguana (D:5)
  2 jellies (D:7)
  An orc wizard (D:7)
  Robin (D:3)
  26 gnolls
  11 adders
  A shadow imp (D:7)
  An ufetubus (D:6)
  A dart slug (D:1)
  2 worms
  20 orcs
  5 endoplasms
  4 giant cockroaches
  19 goblins
  23 hobgoblins
  3 jackals
  8 quokkas
  13 ball pythons
  3 bats
  8 frilled lizards
  5 kobolds
  5 rats
228 creatures vanquished.

Vanquished Creatures (others)
  13 fungi (D:8)
13 creatures vanquished.

Grand Total: 241 creatures vanquished

Notes
Turn   | Place    | Note
-------+----------+-------------------------------------------
     0 | D:1      | Mitcholas the Deep Elf Hunter began the quest for the Orb.
     0 | D:1      | Reached XP level 1. HP: 12/12 MP: 3/3
    93 | D:1      | Reached XP level 2. HP: 17/17 MP: 4/4
   217 | D:1      | Reached XP level 3. HP: 21/21 MP: 5/5
   429 | D:1      | Reached skill level 6 in Ranged Weapons
   713 | D:2      | Reached XP level 4. HP: 26/26 MP: 6/6
   880 | D:2      | Found a white marble altar of Elyvilon.
  1396 | D:3      | Reached XP level 5. HP: 31/31 MP: 7/7
  1526 | D:3      | Noticed Robin
  1543 | D:3      | Reached skill level 7 in Ranged Weapons
  1572 | D:3      | Killed Robin
  2003 | D:4      | Found a staircase to the Ecumenical Temple.
  2018 | Temple   | Entered the Ecumenical Temple
  2114 | D:4      | Found an iron altar of Okawaru.
  2121 | D:4      | Became a worshipper of Warmaster Okawaru
  2259 | D:4      | Found a glowing drain.
  2279 | Sewer    | Entered a sewer
  2310 | Sewer    | Noticed Pargi
  2394 | Sewer    | Reached XP level 6. HP: 36/36 MP: 8/8
  2409 | Sewer    | Killed Pargi
  2708 | D:4      | Reached skill level 8 in Ranged Weapons
  2799 | D:4      | Reached * piety under Okawaru
  2800 | D:4      | Reached XP level 7. HP: 41/41 MP: 9/9
  2924 | D:5      | Entered Level 5 of the Dungeon
  3057 | D:5      | Noticed Blork the orc
  3080 | D:5      | Killed Blork the orc
  3200 | D:5      | Reached skill level 9 in Ranged Weapons
  3200 | D:5      | Reached skill level 5 in Dodging
  3306 | D:5      | Reached ** piety under Okawaru
  3307 | D:5      | Reached XP level 8. HP: 48/48 MP: 10/10
  3332 | D:5      | Noticed Sigmund
  3335 | D:5      | Sigmund changed into Sigmund the jackal
  3335 | D:5      | Noticed Sigmund
  3339 | D:5      | Killed Sigmund the jackal
  3443 | D:5      | Reached skill level 10 in Ranged Weapons
  3678 | D:5      | Reached skill level 1 in Invocations
  3678 | D:5      | Reached skill level 1 in Evocations
  3978 | D:6      | Noticed a hornet
  4063 | D:6      | Found an opulent altar of Gozag.
  4064 | D:6      | Found an ancient bone altar of Kikubaaqudgha.
  4241 | D:6      | Noticed a cyclops
  4353 | D:7      | Noticed Menkaure
  4371 | D:6      | Noticed a gargoyle
  4377 | D:6      | Killed a gargoyle
  4377 | D:6      | Reached *** piety under Okawaru
  4378 | D:6      | Reached skill level 11 in Ranged Weapons
  4434 | D:7      | Found a hazy altar of Hepliaklqana.
  4463 | D:7      | Reached XP level 9. HP: 27/52 MP: 6/13
  4547 | D:6      | Noticed a cyclops
  4559 | D:6      | Killed a cyclops
  4734 | D:6      | Killed a cyclops
  4734 | D:6      | Reached **** piety under Okawaru
  4735 | D:6      | Reached skill level 5 in Fighting
  4735 | D:6      | Reached skill level 12 in Ranged Weapons
  4924 | D:7      | Killed Menkaure
  5074 | D:7      | Reached ***** piety under Okawaru
  5125 | D:7      | Reached XP level 10. HP: 55/59 MP: 12/15
  5262 | D:7      | Found a stormy altar of Qazlal.
  5311 | D:7      | Reached skill level 5 in Evocations
  5529 | D:8      | Reached skill level 5 in Invocations
  5546 | D:8      | Reached skill level 13 in Ranged Weapons
  5756 | D:8      | Found a hide-covered altar of Uskayaw.
  5783 | D:8      | Identified the +0 helmet of Saptuth {Rampage Str+4}
                  | (Okawaru gifted it to you on level 8 of the Dungeon)
  5783 | D:8      | Received a gift from Okawaru
  5932 | D:8      | Found a flagged portal.
  5953 | Bailey   | Entered a bailey
  6166 | Bailey   | Noticed an orc knight
  6197 | Bailey   | an orc knight changed into a redback
  6457 | Bailey   | Reached skill level 14 in Ranged Weapons
  6620 | Bailey   | Noticed an orc knight
  6666 | Bailey   | Killed an orc knight
  6759 | Bailey   | Noticed an orc knight
  6794 | Bailey   | Killed an orc knight
  6795 | Bailey   | Reached XP level 11. HP: 42/64 MP: 10/17
  6800 | Bailey   | Identified the +7 halberd of Pirothro {heavy, Will+}
  6811 | Bailey   | Noticed an orc warlord
  6850 | Bailey   | Slain by an orc warlord

Illustrated notes

Levels and vault maps discovered:
D:1:      sevenhm_arrival_forest_fort_small_3, layout_basic
D:2:      layout_loops_ring, basic_altar
D:3:      layout_basic, dreamdust_wishing_well, nrook_mini_vaults, uniq_robin
D:4:      layout_loops_ring, overflow_temple_1_default,
          minmay_temple_entry_glass, portal_sewer_entry_f
D:5:      layout_loops_corners, uniq_blork_the_orc, uniq_sigmund
D:6:      layout_rooms, chequers_temple_overflow_statue_of_worship,
          hex_intersection, kb_rosetta
D:7:      layout_cave_pools, mainiacjoe_overflow_catch_the_wave, uniq_menkaure
D:8:      layout_loops_ring, mainiacjoe_overflow_chevrons, enter_bailey_7
Temple:   compressed_dpeg_circular_temple
Bailey:   bailey_axe_minmay_hex_keep, bailey

Skill      XL: |  1  2  3  4  5  6  7  8  9 10 |
---------------+-------------------------------+-----
Stealth        | 2 3 4 |  4.0
Fighting       | 2 3 4 5 6 |  6.3
Ranged Weapons | 6 7 8 9 11 12 14 | 14.3
Dodging        | 3 4 5 6 7 9 |  9.0
Invocations    | 2 4 6 |  6.3
Evocations     | 3 4 6 |  6.0

Action                   |  1- 3 |  4- 6 |  7- 9 | 10-12 || total
-------------------------+-------+-------+-------+-------++-------
 Fire: Shortbow          |    86 |   190 |   344 |   453 ||  1073
Invok: Heroism           |       |       |       |     1 ||     1
       Finesse           |       |       |       |     1 ||     1
Evoke: Wand              |       |       |    15 |     6 ||    21
  Use: Scroll            |       |     5 |     4 |     1 ||    10
       Potion            |       |       |       |     3 ||     3
Armor: Leather armour    |     8 |    21 |       |       ||    29
       Troll leather arm |       |     9 |    33 |    27 ||    69
Dodge: Dodged            |    23 |    76 |   178 |   234 ||   511

Table legend: (Time is in decaauts)
 A = Elapsed time spent in this place.
 B = Non-inter-level travel time spent in this place.
 C = Inter-level travel time spent in this place.
 D = Time resting spent in this place.
 E = Time spent auto-exploring this place.
 F = Levels seen in this place.
 G = Mean time per level.
                   A        B        C        D        E       F      G
               +--------+--------+--------+--------+--------+-----+--------+
         Total |   6892 |   6562 |    330 |    354 |   3318 |  11 |  626.5 |
       Dungeon |   5820 |   5490 |    330 |    133 |   3318 |   8 |  727.5 |
        Temple |     37 |     37 |      0 |      0 |      0 |   1 |   37.0 |
         Sewer |    204 |    204 |      0 |      0 |      0 |   1 |  204.0 |
        Bailey |    829 |    829 |      0 |    221 |      0 |   1 |  829.0 |
               +--------+--------+--------+--------+--------+-----+--------+

Top non-repeatable levels by time:
     D:5: 1144 daAuts
  Bailey: 829 daAuts
     D:6: 796 daAuts
     D:2: 783 daAuts
     D:3: 739 daAuts
     D:4: 716 daAuts
     D:7: 663 daAuts
     D:1: 545 daAuts
     D:8: 431 daAuts
   Sewer: 204 daAuts
  Temple: 37 daAuts
